 Dungeon Crawl Stone Soup version 0.29.1-2-gbd0b4ee654 (webtiles) character file.

Game seed: 15671082210013193401

30 zeram the Trooper (level 3, -1/33 HPs)
             Began as a Hill Orc Fighter on Nov 12, 2022.
             Slain by an adder (3 damage)
             ... on level 2 of the Dungeon.
             The game lasted 00:01:50 (1142 turns).

zeram the Trooper (Hill Orc Fighter)                Turns: 1142, Time: 00:01:50

Health: -1/33      AC:  7    Str: 20    XL:     3   Next: 20%
Magic:  3/3        EV:  9    Int:  8    God:
Gold:   72         SH:  4    Dex: 10    Spells: 2/2 levels left

rFire   . . .      SeeInvis +   g - +3 dagger (vamp)
rCold   . . .      Faith    .   c - +0 buckler
rNeg    . . .      Spirit   .   b - +0 scale mail
rPois   .          Reflect  .   (no helmet)
rElec   .          Harm     .   (no cloak)
rCorr   .          Rampage  .   (no gloves)
Will    .....                   (no boots)
Stlth   ..........              (no amulet)
HPRegen 0.11/turn               i - ring of see invisible
MPRegen 0.08/turn               (no ring)

@: brilliant, lethally poisoned (-1 -> -3), hasted, very quick
A: no striking features
a: no special abilities


You were on level 2 of the Dungeon.
You visited 1 branch of the dungeon, and saw 2 of its levels.

You collected 72 gold pieces.

Inventory:

Hand Weapons
 a - a +0 war axe
 g - a +3 vampiric dagger (weapon)
Armour
 b - a +0 scale mail (worn)
 c - a +0 buckler (worn)
Jewellery
 i - a ring of see invisible (left hand)
Potions
 d - a potion of might


   Skills:
 + Level 3.9 Fighting
 + Level 0.1 Short Blades
 + Level 3.0 Axes
 + Level 3.7 Armour
 + Level 3.8 Shields


You had 2 spell levels left.
You didn't know any spells.
Your spell library contained the following spells:

 Spells                   Type           Power      Damage    Failure   Level
 Summon Small Mammal      Summ           0%         N/A       85%         1
 Call Canine Familiar     Summ           0%         N/A       99%         3
 Summon Guardian Golem    Hex/Summ       0%         N/A       99%         3


Dungeon Overview and Level Annotations

Branches:
Dungeon (2/15)

Altars:

Annotations:
D:2 1 runed translucent door, Crazy Yiuf


Message History

The adder barely misses you. You block the adder's attack.
The adder bites you but does no damage.
You barely miss the adder.
The adder is heavily wounded.
You block the adder's attack. x2; The worm bites you!
The adder bites you.
You hit the adder.
The adder is severely wounded.
The adder bites you but does no damage. x2
You barely miss the adder.
The adder is heavily wounded.
The adder bites you but does no damage. You block the adder's attack.
The worm barely misses you. The adder closely misses you.
You barely miss the adder.
The adder is heavily wounded.
The adder closely misses you. You block the adder's attack.
The adder barely misses you. The worm bites you.
You miss the adder.
The adder is heavily wounded.
The adder bites you but does no damage. The adder bites you.
You are poisoned.
The adder poisons you!
You miss the adder.
The adder is heavily wounded.
You feel sick. You block the adder's attack.
The adder bites you but does no damage. The worm bites you!
* * * LOW HITPOINT WARNING * * *
The adder bites you but does no damage.
You are too injured to fight recklessly!
The adder attacks as you move away! The adder bites you but does no damage.
You feel sick. The adder barely misses you. The adder attacks as you move away!
The adder barely misses you.
You feel sick.
You aren't carrying any scrolls.
It was a potion of brilliance.
You feel clever all of a sudden.
You feel sick.
The adder bites you but does no damage. x2
It was a potion of haste.
You feel yourself speed up.
You feel sick. The adder bites you.
* * * LOW HITPOINT WARNING * * *
The adder bites you but does no damage. The adder bites you.
You die...

..##.# .....#.... ..#..
#.....# ..#.######....##
....##.........#####
....>..##.#...)....# .
.#..#####.####...#.#####..
..)## #.# ##..#........
.#..# ..# ##.>......#..
.##.)...######..@w........
.##.............SS........
.##.....####..............
####..### #.?............
....... ...........:....
######.###.#............#.
# #.... #...........## ##
#..###.............# .#
##......#............#


You could see a worm and 2 adders.

Vanquished Creatures
  A worm (D:2)
  4 ball pythons
  2 bats (D:2)
  A giant cockroach (D:1)
  4 goblins
  4 hobgoblins
  3 jackals (D:1)
  A kobold (D:2)
  3 quokkas (D:1)
  A rat (D:1)
24 creatures vanquished.

Notes
Turn   | Place    | Note
-------+----------+-------------------------------------------
     0 | D:1      | zeram the Hill Orc Fighter began the quest for the Orb.
     0 | D:1      | Reached XP level 1. HP: 19/19 MP: 1/1
   222 | D:1      | Reached XP level 2. HP: 25/27 MP: 2/2
   664 | D:1      | Found a faded altar of an unknown god.
   883 | D:2      | Reached XP level 3. HP: 22/33 MP: 3/3
  1058 | D:2      | Found a runed translucent door.
  1059 | D:2      | Noticed Crazy Yiuf
  1142 | D:2      | Slain by an adder

Illustrated notes

Levels and vault maps discovered:
D:1:      lightli_arrival_maybe_door_vault, layout_loops_ring,
          shapermc_ecumenical_altar_pompeii, minmay_stone_trees_medium,
          ebering_dispersal_statue_hall
D:2:      layout_rooms, minmay_pentomino_x4, uniq_crazy_yiuf_cottage

Skill      XL: |  1  2 |
---------------+-------+-----
Axes           | 3 |  3.0
Fighting       | |  3.9
Short Blades   | |  0.1
Armour         | |  3.7
Shields        | |  3.8

Action                   || total
-------------------------++-------
Melee: War axe           ||    25
       Dagger            ||    60
  Use: Scroll            ||     4
       Potion            ||     2
Armor: Scale mail        ||    52
Dodge: Dodged            ||    47
Block: Buckler           ||    35
